 Dungeon Crawl Stone Soup version 0.28-a0-1365-g7e0445c96d (webtiles) character file.

Game seed: 12995821019093204562

1578 ChaosChampion the Skirmisher (level 8, 0/87 HPs)
             Began as an Ogre Warper on Dec 31, 2021.
             Slain by an unseen horror (7 damage)
             ... on level 6 of the Dungeon.
             The game lasted 00:06:17 (8116 turns).

ChaosChampion the Skirmisher (Ogre Warper)          Turns: 8116, Time: 00:06:18

Health: 0/87       AC:  4    Str: 21    XL:     8   Next: 91%
Magic:  26/26      EV: 24    Int: 14    God:
Gold:   254        SH:  0    Dex:  8    Spells: 17/19 levels left

rFire   + . .      SeeInvis .   t - +8 flail "Feden" {drain, Str+3}
rCold   + . .      Faith    .   (no shield)
rNeg    . . .      Spirit   .   b - +1 robe
rPois   +          Reflect  .   (helmet restricted)
rElec   .          Harm     .   m - scarf {rC+ rF+}
rCorr   .          Rampage  .   (gloves unavailable)
Will    .....                   (boots unavailable)
Stlth   +.........              u - amulet of the acrobat
HPRegen 0.24/turn               k - ring of poison resistance
MPRegen 0.20/turn               x - ring of magical power

@: about to teleport, acrobatic
A: large, unfitting armour, tough skin 1
a: no special abilities


You were on level 6 of the Dungeon.
You visited 1 branch of the dungeon, and saw 6 of its levels.

You collected 254 gold pieces.

Inventory:

Hand Weapons
 t - the +8 flail "Feden" (weapon) {drain, Str+3}
   (You found it on level 3 of the Dungeon)

   A truly terrible weapon, it drains the life of any living foe it strikes.
   Str:       It affects your strength (+3).
Missiles
 d - 5 boomerangs of dispersal (quivered)
 e - 2 throwing nets
 w - 4 boomerangs
Armour
 b - a +1 robe (worn)
 m - a scarf of resistance (worn)
Jewellery
 k - a ring of poison resistance (left hand)
 u - an amulet of the acrobat (around neck)
 x - a ring of magical power (right hand)
Scrolls
 c - a scroll of blinking
 f - a scroll of enchant armour
 i - a scroll of immolation
 j - a scroll of summoning
 y - a scroll of identify
Potions
 a - a potion of magic {unknown}
 g - a potion of mutation {unknown}
 h - a potion of haste {unknown}
 n - a potion of ambrosia {unknown}
 o - 2 potions of flight {unknown}
 p - 2 potions of attraction {unknown}
 q - a potion of heal wounds {unknown}
 r - 2 potions of resistance
 s - 3 potions of curing {unknown}
 v - a potion of brilliance {unknown}


   Skills:
 + Level 7.5 Fighting
 + Level 5.2 Maces & Flails
 - Level 1.0 Throwing
 - Level 2.1 Dodging
 + Level 6.3 Spellcasting
 + Level 5.6 Translocations


You had 17 spell levels left.
You knew the following spells:

 Your Spells              Type           Power      Damage    Failure   Level
z - Blink                 Tloc           40%        N/A       2%          2

Your spell library contained the following spells:

 Spells                   Type           Power      Damage    Failure   Level
 Apportation              Tloc           40%        N/A       1%          1
 Gell's Gravitas          Tloc           20%        N/A       4%          3
 Lesser Beckoning         Tloc           20%        N/A       4%          3
 Teleport Other           Tloc           20%        N/A       4%          3
 Static Discharge         Conj/Air       4%         N/A       22%         2
 Manifold Assault         Tloc           20%        N/A       38%         5
 Iskenderun's Mystic Bla  Conj/Tloc      12%        2d5       43%         4
 Dispel Undead            Necr           4%         3d7       83%         4
 Fulminant Prism          Conj/Hex       2%         3d6       83%         4
 Sticky Flame             Conj/Fire      4%         2d3       83%         4
 Alistair's Intoxication  Tmut/Pois      2%         N/A       99%         5
 Lee's Rapid Deconstruct  Erth           2%         3d5*      99%         5


Dungeon Overview and Level Annotations

Branches:
Dungeon (6/15)
 Temple: D:4-7

Altars:
Makhleb

Shops:
D:3 [


Innate Abilities, Weirdness & Mutations

You are too large for most types of armour.
You have tough skin. (AC +1)


Message History

Something hits you. Something barely misses you. Something hits you.
The iguana bites you!
You sock the iguana!
You kill the iguana!
Something hits you! Something hits you.
No target in view!
No target in view!
No target in view!
Something hits you! Something misses you. Something hits you!
You are too injured to fight recklessly!
Something barely misses you.
Things that are here:
a scroll labelled RAXTUH CUBYF; a scorpion corpse Something hits you.
* * * LOW HITPOINT WARNING * * *
There is a large open door here.
Something closely misses you. Something closely misses you.
Something misses you. Something hits you!
* * * LOW HITPOINT WARNING * * *
Something barely misses you.
Blink to where?
Press: ? - help, Dir - move target
As you read the scroll of blinking, it crumbles to dust.
Something hits you.
* * * LOW HITPOINT WARNING * * *
Something barely misses you. Something hits you!
* * * LOW HITPOINT WARNING * * *
Something barely misses you. Something barely misses you.
Okay, then.
As you read the scroll of teleportation, it crumbles to dust.
You feel strangely unstable. Something completely misses you.
Something hits you.
* * * LOW HITPOINT WARNING * * *
Something hits you!
You die...

....# ###.##.##.#.# # ....#
#.##.##.#.# # ....# #....##.#.#
# ....# ########>#.##### ###.#
#...............
#.##############.##############
#..............#.# #........
##############.#.# #...§.§..
#@#.# #...≈§≈.. #.#.# #..≈..≈..
#.#.# #..≈..≈..
#.#.######..§≈§†..
#.#..†...#........
#.########....?... #.#
####''### #.###########..#
#..............#


There were no monsters in sight!

Vanquished Creatures
  An ogre (D:5)
  A sky beast (D:6)
  A necrophage (D:5)
  2 black bears (D:6)
  A phantom (D:5)
  Blork the orc (D:4)
  6 scorpions
  4 hounds
  3 bullfrog skeletons
  A centaur skeleton (D:5)
  2 gnoll shamans
  4 iguanas
  An orc wizard (D:4)
  6 gnolls
  8 adders
  2 ufetubi (D:5)
  2 worms
  A dart slug (D:1)
  10 orcs
  5 ball pythons
  7 endoplasms
  A giant cockroach (D:2)
  8 hobgoblins
  4 jackals (D:2)
  9 kobolds
  3 quokkas
  5 bats
  A frilled lizard (D:2)
  7 goblins
  6 rats
113 creatures vanquished.

Vanquished Creatures (others)
  25 plants (D:1)
25 creatures vanquished.

Grand Total: 138 creatures vanquished

Notes
Turn   | Place    | Note
-------+----------+-------------------------------------------
     0 | D:1      | ChaosChampion the Ogre Warper began the quest for the Orb.
     0 | D:1      | Reached XP level 1. HP: 22/22 MP: 3/3
   411 | D:1      | Reached skill level 3 in Fighting
   411 | D:1      | Reached XP level 2. HP: 6/31 MP: 5/5
  1387 | D:1      | Reached XP level 3. HP: 37/37 MP: 7/7
  1675 | D:1      | You fall into a shaft and drop 1 floor!
  2163 | D:1      | Learned a level 2 spell: Blink
  2418 | D:2      | Reached XP level 4. HP: 22/46 MP: 8/8
  3361 | D:2      | Found a burning altar of Makhleb.
  3804 | D:3      | Reached skill level 4 in Fighting
  3985 | D:3      | Reached XP level 5. HP: 51/54 MP: 10/10
  4086 | D:3      | Found a faded altar of an unknown god.
  4161 | D:3      | Identified the +8 flail "Feden" {drain, Str+3}
  4178 | D:3      | Found Zemm's Antique Armour Shop.
  4834 | D:4      | Noticed Blork the orc
  4839 | D:4      | Killed Blork the orc
  4840 | D:4      | Reached XP level 6. HP: 48/63 MP: 11/11
  5316 | D:5      | Entered Level 5 of the Dungeon
  5373 | D:5      | Reached skill level 5 in Fighting
  5496 | D:5      | Reached XP level 7. HP: 25/72 MP: 13/13
  6191 | D:5      | Reached skill level 6 in Fighting
  6191 | D:5      | Reached skill level 5 in Spellcasting
  6653 | D:5      | Reached XP level 8. HP: 77/83 MP: 15/15
  6831 | D:6      | Reached skill level 5 in Translocations
  7523 | D:6      | Reached skill level 7 in Fighting
  7686 | D:6      | Reached skill level 5 in Maces & Flails
  8116 | D:6      | Slain by an unseen horror

Illustrated notes

Levels and vault maps discovered:
D:1:      roderic_crop_circles_arrival_small, layout_basic, minmay_domino_2
D:2:      layout_loops_ring, basic_altar, minmay_circle_x
D:3:      layout_basic, serial_shops, nicolae_shop_stone,
          dreamdust_ecumenical_altar_angels_and_demons, serial_rivers,
          chequers_serial_rivers_micro_d, chequers_serial_rivers_micro_e,
          chequers_serial_rivers_room_b, chequers_serial_rivers_small_a,
          chequers_serial_rivers_large_a, chequers_serial_rivers_small_a,
          chequers_serial_rivers_micro_b
D:4:      layout_loops_ring, item_on_display_a, uniq_blork_the_orc
D:5:      layout_basic
D:6:      layout_basic, nicolae_concentric_dashed_squares_mild,
          kennysheep_generic_room_7

Skill      XL: |  1  2  3  4  5  6  7  8 |
---------------+-------------------------+-----
Fighting       | 3 4 5 6 7 |  7.5
Maces & Flails | 2 3 4 5 |  5.2
Translocations | 3 4 5 |  5.6
Spellcasting   | 3 4 5 6 |  6.3
Throwing       | |  1.0
Dodging        | |  2.1

Action                   |  1- 3 |  4- 6 |  7- 9 || total
-------------------------+-------+-------+-------++-------
Melee: Mace              |   120 |   105 |       ||   225
       Whip              |       |    17 |       ||    17
       Flail             |       |    54 |    95 ||   149
  Use: Scroll            |       |     5 |     3 ||     8
Armor: Robe              |    37 |    53 |    22 ||   112
Dodge: Dodged            |    71 |   116 |    57 ||   244

Table legend: (Time is in decaauts)
 A = Elapsed time spent in this place.
 B = Non-inter-level travel time spent in this place.
 C = Inter-level travel time spent in this place.
 D = Time resting spent in this place.
 E = Time spent auto-exploring this place.
 F = Levels seen in this place.
 G = Mean time per level.
                   A        B        C        D        E       F      G
               +--------+--------+--------+--------+--------+-----+--------+
         Total |   8227 |   8100 |    127 |    994 |   6021 |   6 | 1371.2 |
       Dungeon |   8227 |   8100 |    127 |    994 |   6021 |   6 | 1371.2 |
               +--------+--------+--------+--------+--------+-----+--------+

Top non-repeatable levels by time:
     D:1: 1898 daAuts
     D:5: 1708 daAuts
     D:2: 1677 daAuts
     D:6: 1114 daAuts
     D:3: 1071 daAuts
     D:4: 757 daAuts
